 Dungeon Crawl Stone Soup version 0.16-a0-1212-geefc3ab (webtiles) character file.

335315 Kashira the Severer (level 21, -10/116 HPs)
             Began as a Vine Stalker Berserker on Oct 12, 2014.
             Was the Champion of Makhleb.
             Mangled by a stone giant (27 damage)
             ... summoned by the rage of Trog
             ... on level 3 of the Vaults.
             The game lasted 04:39:48 (44105 turns).

Kashira the Severer (Vine Stalker Berserker)       Turns: 44105, Time: 04:39:53

Health: -10/116    AC: 18    Str: 26 (32) XL:     21   Next: 45%
Magic:  0/33       EV: 20    Int: 13      God:    Makhleb [******]
Gold:   2883       SH:  2    Dex: 18 (20) Spells: 8 memorised, 17 levels left

rFire  + . .     SeeInvis .     D - +11 battleaxe of the Gnat {freeze, rElec rPois MR+}
rCold  . . .     Rnd*Rage +     p - +0 ring mail "Xuol" {rElec MR+ Str+2 Dex+4}
rNeg   . . .     SustAb   .     (no shield)
rPois  +         Gourm    .     i - +2 helmet
rElec  +         Spirit   +     z - +1 cloak
rCorr  .         Warding  .     W - +1 pair of gloves {Str+3}
rMut   .         Stasis   .     d - +0 pair of boots
MR     ++++.                    X - amulet of regeneration
Stlth  +++.......               n - +5 ring of intelligence
                                w - ring of protection from fire

@: very slightly contaminated, hasted, very quick, incredibly resistant to
hostile enchantments, fairly stealthy
A: fangs 3, large bone plates 1, berserk 2, deterioration 1, low mp 1, mutation
resistance 2, regeneration 3, spit poison 3, magic shield, antimagic bite, no
device heal 3, rot immunity
a: Spit Poison, Minor Destruction, Lesser Servant of Makhleb, Major Destruction,
Greater Servant of Makhleb, Renounce Religion
}: 3/15 runes: decaying, serpentine, slimy


You were on level 3 of the Vaults.
You worshipped Makhleb.
Makhleb was exalted by your worship.
You were not hungry.

You visited 7 branches of the dungeon, and saw 45 of its levels.
You also visited: Ice Cave and Volcano.

You collected 4880 gold pieces.
You spent 1997 gold pieces at shops.

Inventory:

Hand weapons
 g - the +8 broad axe of Hell's Wrath {drain, rPois rF+ Stlth--}
   (You bought it in a shop on level 1 of the Vaults)

   A truly terrible weapon, it drains the life of those it strikes.
   It protects you from fire.
   It protects you from poison.
   It makes you much less stealthy.
 o - the +2 hand axe of Instant Death {chop, rElec MR+}
   (You found it on level 1 of the Vaults)

   It inflicts extra damage upon your enemies.
   It insulates you from electricity.
   It affects your resistance to hostile enchantments.
 s - a +5 hand axe of flaming
 D - the +11 battleaxe of the Gnat (weapon) {freeze, rElec rPois MR+}
   (Trog gifted it to you on level 5 of the Swamp)

   It has been specially enchanted to freeze those struck by it, causing extra
   injury to most foes and up to double damage against particularly susceptible
   opponents.
   It can also slow down cold-blooded creatures.
   It insulates you from electricity.
   It protects you from poison.
   It affects your resistance to hostile enchantments.
Missiles
 h - 5 steel javelins
 v - a throwing net (quivered)
Armour
 d - a +0 pair of boots (worn)
 i - a +2 helmet (worn)
 p - the +0 ring mail "Xuol" (worn) {rElec MR+ Str+2 Dex+4}
   (You found it on level 1 of the Swamp)

   It affects your strength (+2).
   It affects your dexterity (+4).
   It insulates you from electricity.
   It affects your resistance to hostile enchantments.
 u - a +2 animal skin of fire resistance
 z - a +1 cloak (worn)
 U - a +0 chain mail of cold resistance
 W - a +1 pair of gloves of strength (worn)
Magical devices
 m - a wand of fire (6)
 t - a wand of paralysis (16)
 C - a wand of disintegration (17)
 E - a wand of disintegration (12)
 N - a wand of polymorph (0)
 Q - a wand of digging (4)
 Z - a wand of hasting (2)
Comestibles
 c - 10 bread rations
 q - 22 fruits
 H - a beef jerky
 S - 7 royal jellies
 T - a chunk of human flesh
Scrolls
 b - a scroll of enchant armour
 k - 7 scrolls of teleportation
 l - 4 scrolls of recharging
 r - 8 scrolls of remove curse
 A - 16 scrolls of identify
 G - 9 scrolls of fear
Jewellery
 f - an uncursed ring of protection from cold
 n - a +5 ring of intelligence (right hand)
 w - a ring of protection from fire (left hand)
 F - an uncursed ring of see invisible {unknown}
 O - an uncursed ring of flight
 P - an uncursed amulet of resist mutation
 X - an amulet of regeneration (around neck)
Potions
 a - 2 potions of berserk rage
 j - 15 potions of curing
 x - 4 potions of resistance
 J - a potion of restore abilities
 M - 5 potions of might
 R - 3 potions of cancellation
Miscellaneous
 e - a box of beasts {used: 1}
 y - a sack of spiders {used: 10}
 I - a sack of spiders {used: 5}
 K - a phial of floods (inert)
 L - a crystal ball of energy
 V - a lantern of shadows
Rods
 B - a +0 rod of clouds (10/10)
   (You found it on level 6 of the Pits of Slime)
 Y - a +1 rod of shadows (9/9)
   (You found it on level 6 of the Pits of Slime)


   Skills:
 - Level 14.4 Fighting
 - Level 18.7 Axes
 - Level 8.4 Armour
 - Level 13.0 Dodging
 - Level 8.0 Stealth
 - Level 7.7 Spellcasting
 - Level 5.2 Charms
 - Level 5.8 Summonings
 - Level 5.7 Translocations
 - Level 0.2 Air Magic
 * Level 5.7 Invocations
 - Level 15.5 Evocations


You had 17 spell levels left.
You knew the following spells:

 Your Spells              Type           Power        Failure   Level  Hunger
a - Apportation           Tloc           ###.......   1%          1    None
b - Summon Butterflies    Summ           ###.....     1%          1    None
c - Blink                 Tloc           N/A          1%          2    None
d - Shroud of Golubria    Chrm/Tloc      ###.......   2%          2    None
e - Swiftness             Chrm/Air       ##......     10%         2    None
f - Passwall              Trmt/Erth      #.........   52%         3    ##.....
g - Call Canine Familiar  Summ           ###.....     4%          3    ##.....
h - Passage of Golubria   Tloc           N/A          14%         4    ####...


Dungeon Overview and Level Annotations

Branches:
Dungeon (14/15)               Orc (4/4) D:12            Elf (0/3) Orc:3
   Lair (8/8) D:11          Swamp (5/5) Lair:3        Snake (5/5) Lair:5
  Slime (6/6) Lair:6       Vaults (3/5) D:14
 Temple: D:4-7        Crypt: Vaults:2-3

Altars:
Makhleb
Okawaru
Sif Muna
Trog
Yredelemnul
Beogh
Jiyva

Shops:
D:5 *   D:8 *   D:12 !(!   Orc:3 (   Orc:4 *}(*   Vaults:1 (

Annotations:
Lair:1 exclusion: downstairs
Lair:2 exclusion: oklob plant
Snake:4 Vashnia


Innate Abilities, Weirdness & Mutations

You have razor-sharp teeth.
You regenerate.
When hurt, damage is shared between your health and your magic reserves.
Your bite disrupts and absorbs the magic of your enemies.
Potions and wands cannot restore your health.
You are immune to rotting.
You are partially covered in large bone plates (AC +2, SH +2).
You often lose your temper in combat.
Your body is slowly deteriorating.
Your magical capacity is low (-10% MP).
You are somewhat resistant to both further mutation and mutation removal.
You can spit strong poison.


Message History

Your jumping spider poisons the iron troll!
Your jumping spider pounces on the iron troll!
Your jumping spider bites the iron troll but does no damage.
Your trapdoor spider bites the hill giant.
Your redback bites the hill giant!
Your water elemental hits the iron troll!
Your trapdoor spider bites the vault guard!!
The ironheart preserver dies!
Makhleb accepts your collateral kill.
Your trapdoor spider closely misses the vault guard.
The iron troll struggles to get unstuck from the web.
The hill giant hits your trapdoor spider with a giant club!
You hit the stone giant. You freeze the stone giant.
You bite the stone giant, but do no damage.
The stone giant is almost dead.
Your jumping spider pounces on the iron troll but does no damage.
Your jumping spider bites the iron troll but does no damage.
Your trapdoor spider bites the iron troll but does no damage.
The stone giant hits you!!
You die...

###### #....# '....# ###
#....# ##@## ##...#
##sCs##
.##(##########.sCsp###..
.'...#).....#)))ss.)'...
.(.(()).....#..)....#...
.##)##).....#)ss....# .
##...#.....)+)sT....#
#....#.....(#)sEs≈≈.#
'....#.....(##.≈≈≈≈##


You could see an iron troll (berserk), a stone giant (berserk), a vault guard, a
hill giant (berserk), a friendly water elemental, 4 friendly trapdoor spiders, 4
friendly jumping spiders and 3 friendly redbacks.

Vanquished Creatures
  the royal jelly (Slime:6)
  17 acid blobs
  A storm dragon (Vaults:3)
  Agnes (Vaults:1)
  5 thorn hunters
  Kirke (Snake:2)
  A spectral weapon (Swamp:2)
  9 greater nagas
  2 azure jellies
  A fire giant (Vaults:3)
  Donald (Orc:3)
  Wiglaf (Snake:2)
  A frost giant (IceCv)
  Maud (Lair:5)
  7 vault wardens
  An orc warlord (Orc:4)
  6 stone giants
  4 deep elf demonologists (Vaults:1)
  7 great orbs of eyes
  2 vault guards (Vaults:3)
  2 deep elf death magi (Vaults:1)
  A fire dragon (Lair:8)
  3 yaktaur captains
  A death ooze (Slime:6)
  5 ironheart preservers
  4 ogre magi
  17 hydras
  17 naga warriors
  An ice dragon (Vaults:3)
  6 anacondas
  The ghost of Kashira the Cleaver, a powerful VSBe of Trog (Orc:3)
  A shambling mangrove (Swamp:5)
  Erica (Orc:3)
  6 centaur warriors
  8 alligators
  6 death yaks
  4 shock serpents
  16 naga sharpshooters
  Urug (Orc:3)
  4 orc high priests
  6 spriggans
  Nergalle (Lair:1)
  A fire crab (Vaults:2)
  3 salamander mystics
  8 skeletal warriors
  An iron troll (Vaults:1)
  An unseen horror (shapeshifter) (Vaults:2)
  A deep elf knight (Vaults:2)
  A shadow wraith (Vaults:2)
  An unseen horror (D:14)
  9 swamp dragons
  5 hill giants
  An ice statue (IceCv)
  3 deep trolls (Vaults:1)
  13 orc knights
  2 griffons (Lair:8)
  2 naga ritualists
  A flayed ghost (Vaults:2)
  A hellion (Vaults:1)
  6 mana vipers
  2 wizards
  4 orc sorcerers
  A faun (shapeshifter) (D:14)
  5 ironbrand convokers
  3 deep elf conjurers
  9 harpies
  5 red wasps
  10 ugly things
  37 black mambas
  8 wolf spiders
  5 cyclopes
  12 guardian serpents
  6 shining eyes
  10 elephants
  A guardian serpent (shapeshifter) (Vaults:1)
  9 salamanders
  A gargoyle (D:13)
  An orange demon (Orc:4)
  30 naga magi
  A smoke demon (Vaults:3)
  8 vault sentinels
  Psyche (D:9)
  3 eyes of devastation
  A queen ant (Lair:1)
  3 fire drakes
  24 spiny frogs
  2 kobold demonologists (Vaults:3)
  13 komodo dragons
  A hellwing (Vaults:1)
  24 yaktaurs
  A hydra zombie (D:13)
  3 deep elf priests
  4 freezing wraiths
  20 polar bears
  A tengu simulacrum (Vaults:2)
  A merfolk (Lair:2)
  Prince Ribbit (D:5)
  14 giant leeches
  4 baby alligators (Swamp:1)
  88 slime creatures
  A rust devil (Vaults:1)
  3 boulder beetles
  3 ravens (Swamp:2)
  6 trolls
  9 two-headed ogres
  7 bog bodies
  A fire dragon zombie (D:12)
  A blue devil (Vaults:1)
  A redback (shapeshifter) (Vaults:1)
  A redback (Lair:8)
  4 basilisks
  7 blink frogs
  A trapdoor spider (D:14)
  3 deep elf magi
  2 flying skulls (Volcano)
  2 wyverns (Lair:8)
  6 hippogriffs
  2 spriggans (shapeshifter) (Vaults:1)
  3 shadows
  3 hogs (Snake:2)
  A hungry ghost (D:11)
  59 yaks
  A vampire (Volcano)
  6 deep elf fighters
  12 humans (D:14)
  5 wargs
  2 steam dragons (Lair:8)
  25 vampire mosquitoes
  22 wolves
  8 golden eyes
  18 swamp worms
  2 chaos spawn
  51 nagas
  7 soldier ants
  38 water moccasins
  3 mottled dragons
  A black bear (shapeshifter) (D:13)
  14 swamp drakes
  12 porcupines
  7 black bears
  A human simulacrum (Vaults:1)
  26 ogres
  8 yellow wasps
  4 spiders (Lair:8)
  A sky beast (D:11)
  7 ice beasts
  A necrophage (D:12)
  43 orc warriors
  16 centaurs
  4 phantoms
  A boring beetle (Lair:7)
  A tengu (Lair:2)
  18 crocodiles
  A brain worm (D:8)
  Blork the orc (D:8)
  A cyclops zombie (D:13)
  22 giant frogs
  13 insubstantial wisps
  4 scorpions
  3 eyes of draining
  11 killer bees
  A troll zombie (D:7)
  6 electric eels
  A troll skeleton (D:14)
  A hippogriff skeleton (D:8)
  3 goliath beetles
  9 hounds
  A basilisk zombie (D:12)
  2 centaur zombies
  4 crimson imps
  15 jellies
  A yellow wasp zombie (D:13)
  2 quasits
  47 orc priests
  A gnoll shaman (D:6)
  51 orc wizards
  16 iguanas
  31 worker ants
  2 spectral orcs (Lair:1)
  A big kobold skeleton (D:6)
  An ogre zombie (D:10)
  34 sheep
  A mummy (Volcano)
  6 gnolls (D:6)
  60 green rats
  A scorpion zombie (D:7)
  A steam dragon skeleton (D:8)
  34 adders
  A shadow imp (D:10)
  14 white imps
  A giant mite (D:6)
  5 worms
  An ufetubus (Vaults:3)
  An iguana skeleton (D:7)
  An orc zombie (D:7)
  9 giant geckos
  An ooze (D:7)
  204 orcs
  A ball python (D:5)
  13 bats
  10 giant cockroaches
  20 goblins
  21 hobgoblins
  21 jackals
  9 kobolds
  17 quokkas
  8 giant newts
  3 giant spores
  10 rats
  4 ballistomycetes
  11 briar patches
  5 fungi
  12 plants
1902 creatures vanquished.

Vanquished Creatures (collateral kills)
  Saint Roka (Orc:4)
  A tentacled monstrosity (Swamp:4)
  Asterion (Swamp:2)
  2 acid blobs
  Roxanne (Swamp:2)
  Snorg (Lair:7)
  2 ironheart preservers
  Harold (Orc:4)
  9 hydras
  Nessos (Snake:2)
  2 shambling mangroves
  A centaur warrior (D:14)
  An alligator (Swamp:3)
  An orc high priest (Orc:4)
  2 spriggans
  2 spriggan druids
  A lindwurm (Lair:3)
  A deep troll (Swamp:5)
  2 hill giants
  2 ugly things
  A red wasp (Swamp:2)
  A salamander (Snake:5)
  13 slime creatures
  2 black mambas (Snake:5)
  2 spiny frogs
  A red devil (Orc:4)
  A giant leech (Swamp:1)
  A blink frog (Lair:4)
  3 trolls
  A vampire (Volcano)
  A hippogriff (Lair:4)
  4 humans (D:14)
  3 nagas (Snake:5)
  3 swamp worms
  A water moccasin (Snake:1)
  3 swamp drakes
  2 orc warriors
  2 yellow wasps
  An orc wizard (Orc:2)
  5 green rats
  4 orcs (Orc:4)
  A quokka (Lair:4)
91 creatures vanquished.

Vanquished Creatures (others)
  A balrug (Vaults:3)
  A stone giant (Vaults:3)
  A shock serpent (Snake:5)
  2 orb spiders
  A deep troll (Snake:5)
  A mana viper (Snake:5)
  2 black mambas (Snake:5)
  A guardian serpent (Snake:5)
  7 water elementals
  A two-headed ogre (D:9)
  A jumping spider (Slime:6)
  9 trapdoor spiders
  11 redbacks
  29 shadows
  A human (Snake:2)
  3 spiders
  3 ogres
  A lost soul (Vaults:1)
  9 hounds
  An orc wizard (D:9)
  2 butterflies (Vaults:3)
  6 fungi
  2 plants
96 creatures vanquished.

Grand Total: 2089 creatures vanquished

Notes
Turn   | Place    | Note
--------------------------------------------------------------
     0 | D:1      | Kashira, the Vine Stalker Berserker, began the quest for the Orb.
     0 | D:1      | Reached XP level 1. HP: 11/11 MP: 1/1
    89 | D:1      | Reached skill level 3 in Axes
    94 | D:1      | Reached XP level 2. HP: 10/16 MP: 3/3
   401 | D:1      | Acquired Trog's second power
   550 | D:2      | Reached XP level 3. HP: 19/19 MP: 4/4
   640 | D:2      | Reached skill level 4 in Axes
   757 | D:2      | Reached XP level 4. HP: 20/23 MP: 5/5
  1281 | D:3      | Received a gift from Trog
  1564 | D:4      | Reached XP level 5. HP: 18/27 MP: 5/7
  1568 | D:4      | Reached skill level 5 in Axes
  1614 | D:4      | Found a burning altar of Makhleb.
  1850 | D:4      | Received a gift from Trog
  1870 | D:4      | Gained mutation: You heal very quickly. [vine stalker growth]
  1870 | D:4      | Reached XP level 6. HP: 26/32 MP: 8/8
  1874 | D:4      | Noticed an ogre
  1880 | D:4      | Reached skill level 6 in Axes
  1883 | D:4      | Killed an ogre
  2327 | D:5      | Entered Level 5 of the Dungeon
  2341 | D:5      | Reached skill level 7 in Axes
  2341 | D:5      | Reached XP level 7. HP: 27/35 MP: 7/9
  2578 | D:5      | Noticed Prince Ribbit
  2606 | D:5      | Killed Prince Ribbit
  2606 | D:5      | Reached skill level 8 in Axes
  2651 | D:5      | Found Frou's General Store.
  2698 | D:5      | Bought a scroll of fear for 38 gold pieces
  2698 | D:5      | Bought a potion of curing for 22 gold pieces
  2698 | D:5      | Bought a scroll of immolation for 38 gold pieces
  2698 | D:5      | Bought a scroll of noise for 11 gold pieces
  2715 | D:5      | Acquired Trog's third power
  2721 | D:5      | Gained mutation: You have razor-sharp teeth. [vine stalker growth]
  2721 | D:5      | Reached XP level 8. HP: 22/39 MP: 8/11
  2854 | D:5      | Received a gift from Trog
  2914 | D:5      | Reached skill level 9 in Axes
  3121 | D:5      | Got a transparent shortbow
  3122 | D:5      | Identified the cursed +3 shortbow of Eticor {speed, MR++} (You found it on level 5 of the Dungeon)
  3288 | D:6      | Reached skill level 1 in Evocations
  3891 | D:6      | Reached XP level 9. HP: 26/44 MP: 9/15
  4925 | D:8      | Noticed Blork the orc
  4936 | D:8      | Killed Blork the orc
  5018 | D:8      | Noticed a red ugly thing
  5023 | D:8      | Killed a red ugly thing
  5137 | D:8      | Reached skill level 10 in Axes
  5182 | D:8      | Reached XP level 10. HP: 25/49 MP: 15/19
  5321 | D:8      | Got a fine shortbow
  5322 | D:8      | Identified the +8 shortbow of Ysobb {velocity, Contam +Fly rElec} (You found it on level 8 of the Dungeon)
  5337 | D:8      | Received a gift from Trog
  5405 | D:8      | Found a deep blue altar of Sif Muna.
  5444 | D:8      | Found Ceterph's General Store.
  5473 | D:8      | Bought a potion of magic for 82 gold pieces
  5473 | D:8      | Bought a potion of curing for 30 gold pieces
  5473 | D:8      | Bought a potion of curing for 30 gold pieces
  5536 | D:9      | Noticed Psyche
  6001 | D:9      | Noticed a cyclops
  6012 | D:9      | Killed a cyclops
  6012 | D:9      | Reached skill level 5 in Dodging
  6092 | D:9      | Killed Psyche
  6092 | D:9      | Reached skill level 5 in Evocations
  6110 | D:9      | Got a crude chain mail
  6121 | D:9      | Identified the cursed -6 chain mail "Phidod" {rC+ MR+ rCorr} (You found it on level 9 of the Dungeon)
  6513 | D:10     | Entered Level 10 of the Dungeon
  6716 | D:10     | Got a fine hand axe
  6717 | D:10     | Identified the cursed -1 hand axe of Conscience {chop, rF-} (You found it on level 10 of the Dungeon)
  6929 | D:10     | Reached skill level 5 in Fighting
  7321 | D:10     | Identified a scroll of acquirement
  7788 | D:11     | Noticed a cyan ugly thing
  7802 | D:11     | Killed a cyan ugly thing
  7989 | D:11     | Reached XP level 11. HP: 35/56 MP: 3/22
  8119 | D:11     | Reached skill level 5 in Armour
  8168 | D:11     | Found a staircase to the Lair.
  8232 | D:11     | Noticed a cyclops
  8253 | D:11     | Noticed a cyclops
  8269 | D:11     | Killed a cyclops
  8623 | D:12     | Found Garrag's Weapon Shoppe.
  8628 | D:12     | Reached skill level 11 in Axes
  8736 | D:12     | Found Forutan's Distillery.
  8755 | D:12     | Bought a potion of poison for 14 gold pieces
  8755 | D:12     | Bought a potion of confusion for 14 gold pieces
  8755 | D:12     | Bought a potion of resistance for 98 gold pieces
  8761 | D:12     | Bought a potion of heal wounds for 42 gold pieces
  8761 | D:12     | Bought a potion of haste for 98 gold pieces
  8916 | D:12     | Found a staircase to the Orcish Mines.
  9106 | Lair:1   | Entered Level 1 of the Lair of Beasts
  9203 | Lair:1   | Noticed Nergalle
  9211 | Lair:1   | Killed Nergalle
  9882 | Lair:1   | Gained mutation: You regenerate. [vine stalker growth]
  9882 | Lair:1   | Reached XP level 12. HP: 60/62 MP: 24/24
 10100 | Lair:1   | Gained mutation: You have large cloven feet. [mutagenic meat]
 10101 | Lair:1   | Gained mutation: You are somewhat resistant to further mutation. [mutagenic meat]
 10102 | Lair:1   | Gained mutation: You can spit poison. [mutagenic meat]
 10103 | Lair:1   | Gained mutation: You are partially covered in large bone plates (AC +2, SH +2). [mutagenic meat]
 10842 | Lair:3   | Found a dark tunnel.
 10888 | Volcano  | Entered a volcano
 10925 | Volcano  | Reached skill level 12 in Axes
 11501 | Lair:3   | Found a staircase to the Swamp.
 11729 | Lair:4   | Noticed an eight-headed hydra
 11737 | Lair:4   | Killed an eight-headed hydra
 11852 | Lair:4   | Noticed a five-headed hydra
 11877 | Lair:4   | Killed a five-headed hydra
 12338 | Lair:4   | Noticed a six-headed hydra
 12347 | Lair:4   | Killed a ten-headed hydra
 12570 | Lair:4   | Reached XP level 13. HP: 58/68 MP: 22/26
 12859 | Lair:5   | Found a staircase to the Snake Pit.
 12998 | Lair:5   | Noticed Maud
 13007 | Lair:5   | Killed Maud
 13420 | Lair:5   | Reached skill level 13 in Axes
 13515 | Lair:5   | Received a gift from Trog
 13786 | Lair:6   | Found a staircase to the Slime Pits.
 14734 | Lair:7   | Received a gift from Trog
 15451 | Lair:7   | Noticed Snorg
 15457 | Lair:7   | Killed Snorg
 15457 | Lair:7   | Reached skill level 10 in Evocations
 15695 | Lair:8   | Entered Level 8 of the Lair of Beasts
 15806 | Lair:8   | Reached XP level 14. HP: 75/75 MP: 29/29
 15942 | Lair:8   | Received a gift from Trog
 16504 | Lair:8   | Reached skill level 14 in Axes
 17248 | Lair:8   | Received a gift from Trog
 17603 | Lair:2   | Lost mutation: You can spit poison. [helix card]
 17604 | Lair:2   | Lost mutation: You have large cloven feet. [helix card]
 17604 | Lair:2   | Gained mutation: You are resistant to hostile enchantments. [helix card]
 17710 | Orc:1    | Entered Level 1 of the Orcish Mines
 17809 | Orc:1    | Found a frozen archway.
 17844 | IceCv    | Entered an ice cave
 18004 | IceCv    | Reached skill level 10 in Fighting
 18024 | IceCv    | Received a gift from Trog
 18227 | IceCv    | Reached skill level 10 in Dodging
 18245 | IceCv    | Reached XP level 15. HP: 77/80 MP: 30/30
 18304 | IceCv    | Noticed a frost giant
 18327 | IceCv    | Killed a frost giant
 18351 | IceCv    | Received a gift from Trog
 18846 | Orc:2    | Received a gift from Trog
 19037 | Orc:3    | Found a staircase to the Elven Halls.
 19037 | Orc:3    | Noticed Erica
 19051 | Orc:3    | Killed Erica
 19075 | Orc:3    | Found an iron altar of Okawaru.
 19080 | Orc:3    | Noticed Urug
 19095 | Orc:3    | Killed Urug
 19107 | Orc:3    | Received a gift from Trog
 19197 | Orc:3    | Found Naifed's Weapon Shop.
 19417 | Orc:3    | Noticed Donald
 19427 | Orc:3    | Killed Donald
 19495 | Orc:3    | Noticed Kashira's ghost (powerful VSBe)
 19504 | Orc:3    | Killed Kashira's ghost
 19735 | Orc:4    | Entered Level 4 of the Orcish Mines
 19881 | Orc:4    | Received a gift from Trog
 19897 | Orc:4    | Noticed Harold
 20108 | Orc:4    | Reached skill level 15 in Axes
 20144 | Orc:4    | Killed Harold
 20311 | Orc:4    | Noticed Saint Roka
 20322 | Orc:4    | Killed Saint Roka
 20392 | Orc:4    | Received a gift from Trog
 20754 | Orc:4    | Found Mebuog Atatt's General Store.
 20754 | Orc:4    | Found Bofut's Gadget Shoppe.
 20839 | Orc:4    | Found Kepirghite's General Store.
 20842 | Orc:4    | Found Mowum's Antique Weapon Emporium.
 20845 | Orc:4    | Bought a scroll of identify for 28 gold pieces
 20863 | Orc:4    | Bought a plain deck of wonders for 182 gold pieces
 20967 | Orc:4    | Received a gift from Trog
 21290 | D:12     | Found a roughly hewn altar of Beogh.
 21440 | D:12     | Found Ashraqaj's Distillery.
 21443 | D:12     | Bought a potion of mutation for 42 gold pieces
 21444 | D:12     | Gained mutation: You can spit poison. [potion of mutation]
 21463 | D:12     | Received a gift from Trog
 21743 | D:12     | Noticed a skeletal warrior
 21745 | D:12     | Noticed a skeletal warrior
 21745 | D:12     | Noticed a skeletal warrior
 21746 | D:12     | Noticed a skeletal warrior
 21752 | D:12     | Killed a skeletal warrior
 21756 | D:12     | Killed a skeletal warrior
 21758 | D:12     | Killed a skeletal warrior
 21759 | D:12     | Killed a skeletal warrior
 22168 | D:13     | Gained mutation: You tend to lose your temper in combat. [mutagenic meat]
 22169 | D:13     | Gained mutation: You are agile. (Dex +2) [mutagenic meat]
 22419 | D:13     | Received a gift from Trog
 23007 | D:14     | Found a gate to the Vaults.
 23019 | D:14     | Reached XP level 16. HP: 72/87 MP: 26/32
 23229 | D:14     | Found a basalt altar of Yredelemnul.
 23253 | D:14     | Received a gift from Trog
 23526 | D:14     | Got a blackened cloak
 23537 | D:14     | Identified the +2 cloak of Misanthropy {Str-3} (You found it on level 14 of the Dungeon)
 24041 | Swamp:1  | Entered Level 1 of the Swamp
 24970 | Swamp:1  | Got a twisted ring mail
 25038 | Swamp:1  | Identified the +0 ring mail "Xuol" {rElec MR+ Str+2 Dex+4} (You found it on level 1 of the Swamp)
 25179 | Swamp:2  | Received a gift from Trog
 25298 | Swamp:2  | Reached skill level 16 in Axes
 25304 | Swamp:2  | Noticed a thorn hunter
 25314 | Swamp:2  | Killed a thorn hunter
 25489 | Swamp:2  | Noticed Roxanne
 25502 | Swamp:2  | Killed Roxanne
 25509 | Swamp:2  | Identified Roxanne's Compendium of Destructive Clay (You took it off Roxanne on level 2 of the Swamp)
 25624 | Swamp:2  | Noticed a thorn hunter
 25637 | Swamp:2  | Killed a thorn hunter
 25787 | Swamp:2  | Noticed a thorn hunter
 25813 | Swamp:2  | Killed a thorn hunter
 25934 | Swamp:2  | Noticed Asterion
 25935 | Swamp:2  | Noticed a spectral weapon
 25948 | Swamp:2  | Killed a spectral weapon
 25948 | Swamp:2  | Killed Asterion
 26219 | Swamp:3  | Found a bloodstained altar of Trog.
 27075 | Swamp:4  | Noticed a thorn hunter
 27100 | Swamp:4  | Killed a thorn hunter
 27491 | Swamp:4  | Received a gift from Trog
 27557 | Swamp:4  | Noticed a tentacled monstrosity
 27562 | Swamp:4  | Killed a tentacled monstrosity
 27562 | Swamp:4  | Reached XP level 17. HP: 93/93 MP: 33/33
 27659 | Swamp:5  | Entered Level 5 of the Swamp
 28080 | Swamp:5  | Received a gift from Trog
 28081 | Swamp:5  | Got an ancient battleaxe {god gift}
 28082 | Swamp:5  | Identified the +11 battleaxe of the Gnat {freeze, rElec rPois MR+} (Trog gifted it to you on level 5 of the Swamp)
 28647 | Swamp:5  | Got a decaying rune of Zot
 29013 | Snake:1  | Entered Level 1 of the Snake Pit
 29561 | Snake:1  | Received a gift from Trog
 30180 | Snake:2  | Received a gift from Trog
 30303 | Snake:2  | Noticed Kirke
 30312 | Snake:2  | Killed Kirke
 30312 | Snake:2  | Reached skill level 17 in Axes
 30463 | Snake:2  | Noticed Nessos
 30481 | Snake:2  | Killed Nessos
 30743 | Snake:2  | Noticed Wiglaf
 30766 | Snake:2  | Killed Wiglaf
 31351 | Snake:2  | Got a twisted flail
 31352 | Snake:2  | Identified the +8 flail "Strore Samor" {speed, MR+ SInv} (You found it on level 2 of the Snake Pit)
 32231 | Snake:3  | Received a gift from Trog
 32438 | Snake:3  | Reached XP level 18. HP: 92/99 MP: 18/34
 33314 | Snake:4  | Received a gift from Trog
 33941 | Snake:4  | Noticed Vashnia
 34064 | Snake:5  | Entered Level 5 of the Snake Pit
 34256 | Snake:5  | Received a gift from Trog
 35049 | Snake:5  | Reached skill level 1 in Stealth
 35065 | Snake:5  | HP: 3/101 [greater naga/bolt of poison (5)]
 35066 | Snake:5  | HP: 1/101 [poisoned by a greater naga (bolt of poison)]
 35420 | Snake:5  | Received a gift from Trog
 35707 | Snake:5  | Got a serpentine rune of Zot
 35822 | Snake:5  | Reached XP level 19. HP: 105/105 MP: 35/35
 36713 | D:8      | Bought a scroll of acquirement for 780 gold pieces
 36713 | D:8      | Bought a scroll of fear for 52 gold pieces
 37076 | Slime:1  | Entered Level 1 of the Pits of Slime
 37081 | Slime:1  | Reached skill level 18 in Axes
 37157 | Slime:1  | Received a gift from Trog
 37701 | Slime:3  | Reached skill level 15 in Evocations
 37908 | Slime:4  | Reached skill level 5 in Stealth
 37911 | Slime:4  | Gained mutation: You often lose your temper in combat. [a shining eye]
 38065 | Slime:6  | Entered Level 6 of the Pits of Slime
 38730 | Slime:6  | Noticed the royal jelly
 38939 | Slime:6  | Found a viscous altar of Jiyva.
 38960 | Slime:6  | Reached XP level 20. HP: 112/112 MP: 37/37
 39033 | Slime:6  | Killed the royal jelly
 39057 | Slime:6  | Got a transparent amethyst amulet
 39098 | Slime:6  | Got a slimy rune of Zot
 39123 | Slime:6  | Got a fine silver amulet
 39129 | Slime:6  | Identified a +0 rod of clouds (10/10) (You found it on level 6 of the Pits of Slime)
 39130 | Slime:6  | Identified a +1 rod of shadows (9/9) (You found it on level 6 of the Pits of Slime)
 39144 | Slime:6  | Identified the amulet "Vyvuseal" {Clar Str+3 Dex+4} (You found it on level 6 of the Pits of Slime)
 39146 | Slime:6  | Identified the amulet of Oghoiveth {Faith rN+ Str+1 Int-2} (You found it on level 6 of the Pits of Slime)
 39199 | Slime:6  | Identified Lettukum's Tome of the Sinister Escort (You found it on level 6 of the Pits of Slime)
 39499 | Lair:2   | Fell from the grace of Trog
 39502 | Lair:2   | Learned a level 1 spell: Apportation
 39504 | Lair:2   | Learned a level 1 spell: Summon Butterflies
 39507 | Lair:2   | Learned a level 2 spell: Blink
 39510 | Lair:2   | Learned a level 2 spell: Shroud of Golubria
 39513 | Lair:2   | Learned a level 2 spell: Swiftness
 39517 | Lair:2   | Learned a level 3 spell: Passwall
 39521 | Lair:2   | Learned a level 3 spell: Call Canine Familiar
 39526 | Lair:2   | Learned a level 4 spell: Passage of Golubria
 39846 | D:4      | Became a worshipper of Makhleb the Destroyer
 40177 | Vaults:1 | Entered Level 1 of the Vaults
 40193 | Vaults:1 | Reached skill level 1 in Spellcasting
 40248 | Vaults:1 | Reached skill level 1 in Translocations
 40301 | Vaults:1 | Acquired Makhleb's first power
 40510 | Vaults:1 | Reached skill level 1 in Charms
 40513 | Vaults:1 | Reached skill level 1 in Summonings
 40547 | Vaults:1 | Lost mutation: You are resistant to hostile enchantments. [mutagenic meat]
 40549 | Vaults:1 | Gained mutation: You are somewhat resistant to both further mutation and mutation removal. [mutagenic meat]
 40551 | Vaults:1 | Gained mutation: You can spit moderately strong poison. [mutagenic meat]
 40565 | Vaults:1 | Gained mutation: Your body is slowly deteriorating. [mutagenic meat]
 40570 | Vaults:1 | Acquired Makhleb's second power
 40618 | Vaults:1 | Found Themes' Antique Weapon Boutique.
 40626 | Vaults:1 | Bought a bloodstained broad axe for 396 gold pieces
 40627 | Vaults:1 | Identified the +8 broad axe of Hell's Wrath {drain, rPois rF+ Stlth--} (You bought it in a shop on level 1 of the Vaults)
 40676 | Vaults:1 | Got a transparent bronze ring
 40678 | Vaults:1 | Identified the ring of Cuyts {EV+2 Int-1} (You found it on level 1 of the Vaults)
 40748 | Vaults:1 | Noticed a Brimstone Fiend
 40872 | Vaults:1 | Noticed Agnes
 40879 | Vaults:1 | Killed Agnes
 40967 | Vaults:1 | Acquired Makhleb's third power
 41325 | Vaults:1 | Got a faintly glowing hand axe
 41326 | Vaults:1 | Identified the cursed +2 hand axe of Instant Death {chop, rElec MR+} (You found it on level 1 of the Vaults)
 41874 | Vaults:1 | Reached skill level 5 in Spellcasting
 41895 | Vaults:1 | Lost mutation: You are agile. (Dex +2) [mutagenic meat]
 41896 | Vaults:1 | Gained mutation: Your magical capacity is low (-10% MP). [mutagenic meat]
 42004 | Vaults:1 | Acquired Makhleb's fourth power
 42022 | Vaults:1 | Reached skill level 1 in Invocations
 42213 | Vaults:2 | Found a roughly hewn altar of Beogh.
 42546 | Vaults:2 | Noticed a bone dragon
 42593 | Vaults:2 | Acquired Makhleb's fifth power
 42740 | Vaults:2 | Reached skill level 5 in Summonings
 42915 | Vaults:2 | Reached XP level 21. HP: 116/116 MP: 33/33
 43124 | Vaults:2 | Gained mutation: You can spit strong poison. [mutagenic meat]
 43276 | Vaults:2 | Reached skill level 5 in Translocations
 43585 | Vaults:3 | Reached skill level 5 in Charms
 43939 | Vaults:3 | Reached skill level 5 in Invocations
 44105 | Vaults:3 | Mangled by a stone giant

Action                   |  1- 3 |  4- 6 |  7- 9 | 10-12 | 13-15 | 16-18 | 19-21 || total
-------------------------+-------+-------+-------+-------+-------+-------+-------++-------
Melee: Hand axe          |    83 |   175 |   548 |   107 |       |    91 |       ||  1004
       Battleaxe         |       |       |       |   111 |       |   553 |   868 ||  1532
       Executioner's axe |       |       |       |   437 |  1155 |   345 |       ||  1937
Throw: Javelin           |       |       |     2 |     2 |     2 |       |       ||     6
       Throwing net      |       |       |     1 |     1 |     4 |     1 |       ||     7
 Cast: Shroud of Golubri |       |       |       |       |       |       |    23 ||    23
       Blink             |       |       |       |       |       |       |    14 ||    14
       Call Canine Famil |       |       |       |       |       |       |    15 ||    15
       Swiftness         |       |       |       |       |       |       |     3 ||     3
       Summon Butterflie |       |       |       |       |       |       |     5 ||     5
Invok: Berserk           |       |     2 |     5 |    13 |    10 |     9 |       ||    39
       Brothers in Arms  |       |       |     1 |    11 |     4 |     9 |     2 ||    27
       Trog's Hand       |       |       |       |     1 |     1 |     5 |     1 ||     8
       Renounce Religion |       |       |       |       |       |       |     1 ||     1
       Minor Destruction |       |       |       |       |       |       |     5 ||     5
       Greater Servant o |       |       |       |       |       |       |     1 ||     1
 Abil: Spit Poison       |       |       |       |       |     1 |       |     2 ||     3
Evoke: Wand              |       |       |       |     4 |     6 |     1 |     9 ||    20
       Sack of spiders   |       |       |       |       |     6 |     1 |     9 ||    16
       Deck              |       |       |       |       |    18 |       |       ||    18
       Phial of floods   |       |       |       |       |     1 |     2 |     4 ||     7
       Box of beasts     |       |       |       |       |       |       |     2 ||     2
  Use: Scroll            |       |       |     9 |    14 |    16 |    15 |     4 ||    58
       Potion            |       |       |       |     1 |     2 |     7 |     6 ||    16
 Stab: Sleeping          |       |       |       |       |     1 |       |    10 ||    11
       Held in net/web   |       |       |       |       |     2 |       |       ||     2
       Distracted        |       |       |       |       |       |     2 |     8 ||    10
  Eat: Chunk             |       |     5 |     4 |    13 |    23 |    20 |    38 ||   103
       Meat ration       |       |       |     1 |     2 |     2 |     4 |     4 ||    13
       Pizza             |       |       |     2 |     1 |     1 |     2 |       ||     6
       Beef jerky        |       |       |     3 |     5 |     1 |     3 |       ||    12
       Royal jelly       |       |       |       |     2 |       |       |       ||     2
       Bread ration      |       |       |       |     1 |     3 |     4 |     2 ||    10
